 Dungeon Crawl Stone Soup version 0.28-a0-95-g65e1ffefe4 (webtiles) character file.

Game seed: 7869204428050430112

22 dracfodder the Chiller (level 2, -16/20 HPs)
             Began as a Demigod Ice Elementalist on Aug 8, 2021.
             Demolished by a mummy (18 damage)
             ... in an ossuary.
             The game lasted 00:05:42 (1172 turns).

dracfodder the Chiller (Demigod Ice Elementalist)   Turns: 1172, Time: 00:05:42

Health: -16/20     AC:  3    Str:  9    XL:     2   Next: 51%
Magic:  7/7        EV: 12    Int: 19    God:
Gold:   67         SH:  0    Dex: 14    Spells: 4/5 levels left

rFire   . . .      SeeInvis .   b - +1 short sword
rCold   . . .      Faith    .   (no shield)
rNeg    . . .      Spirit   .   a - +0 robe
rPois   .          Reflect  .   (no helmet)
rElec   .          Harm     .   f - +0 cloak
rCorr   .          Rampage  .   (no gloves)
Will    .....                   (no boots)
Stlth   ++........              (no amulet)
HPRegen 0.06/turn               (no ring)
MPRegen 0.10/turn               (no ring)

@: no status effects
A: high mp 1, forlorn, talons 1, clever 1
a: no special abilities


You were in an ossuary.
You visited 1 branch of the dungeon, and saw 4 of its levels.
You also visited: Ossuary.

You collected 67 gold pieces.

Inventory:

Hand Weapons
 b - a +1 short sword (weapon)
 c - the +5 arbalest of the Toadstool {vorpal, rElec Str+2 Int+4 Dex+4}
   (You acquired it on level 4 of the Dungeon)

   Any ammunition fired from it inflicts extra damage upon your enemies.
   Str:       It affects your strength (+2).
   Int:       It affects your intelligence (+4).
   Dex:       It affects your dexterity (+4).
   rElec:     It insulates you from electricity.
 g - a +0 rapier
Missiles
 d - 74 stones
Armour
 a - a +0 robe (worn)
 f - a +0 cloak (worn)
Scrolls
 h - a scroll of magic mapping {unknown}
 i - a scroll of immolation {unknown}
Potions
 e - a potion of heal wounds


   Skills:
 + Level 2.0 Dodging
 + Level 1.8 Stealth
 * Level 2.0 Spellcasting
 + Level 4.1 Ice Magic


You had 4 spell levels left.
You knew the following spells:

 Your Spells              Type           Power      Damage    Failure   Level
a - Freeze                Ice            68%        1d8       3%          1

Your spell library contained the following spells:

 Spells                   Type           Power      Damage    Failure   Level
 Frozen Ramparts          Ice            34%        1d5       9%          3
 Ozocubu's Armour         Ice            17%        N/A       9%          3
 Foxfire                  Conj/Fire      4%         2x1d4     17%         1
 Conjure Flame            Conj/Fire      1%         6-21      45%         3
 Inner Flame              Hex/Fire       1%         N/A       45%         3
 Hailstorm                Conj/Ice       9%         3d4       56%         4


Dungeon Overview and Level Annotations

Branches:
Dungeon (4/15)            Ossuary (1/1)
 Temple: D:4-7


Innate Abilities, Weirdness & Mutations

Your attributes grow dramatically as you level up.
You have an increased reservoir of magic. (+10% MP)
You shall have no god before yourself.
You have sharp toenails.
Your mind is acute. (Int +2)


Message History

There is a sand-covered staircase here.
You see here a +0 rapier.
g - a +0 rapier
There is a sand-covered staircase here.
The world spins around you as you enter the gateway.
You enter an ossuary!
Found a gate leading back out of this place.
There is an empty arch of ancient stone here.
You open the door.
There is an open door here.
A mummy comes into view.
Something unseen opens the door.
A mummy comes into view.
A mummy opens the door.
A wyvern zombie comes into view.
There is an open door here.
The wyvern zombie moves out of view.
You hit the mummy. You claw the mummy, but do no damage.
The mummy is lightly damaged.
The mummy hits you but does no damage.
You hit the mummy but do no damage.
The mummy is lightly damaged.
You hit the mummy. Your kick misses the mummy.
The mummy is lightly damaged.
The mummy hits you!
Ouch! That really hurt!
* * * LOW HITPOINT WARNING * * *
You barely miss the mummy.
The mummy is lightly damaged.
The mummy misses you.
You hit the mummy but do no damage.
The mummy is lightly damaged.
You hit the mummy. You claw the mummy, but do no damage.
The mummy is moderately damaged.
The mummy barely misses you.
You hit the mummy but do no damage. You claw the mummy, but do no damage.
The mummy is moderately damaged.
The mummy hits you!!
Ouch! That really hurt!
You die...

##### #..∩#
#.∩.# #.@.#
#.##M##'##+#
#Z'.......M...
###M#+#+#+#'#+
#


You could see a mummy.

Vanquished Creatures
  A worm zombie (D:4)
  4 ball pythons
  A giant cockroach (D:1)
  3 goblins
  3 jackals (D:1)
  A kobold (D:1)
  3 rats
16 creatures vanquished.

Vanquished Creatures (others)
  A withered plant (Ossuary)
1 creature vanquished.

Grand Total: 17 creatures vanquished

Notes
Turn   | Place    | Note
-------+----------+-------------------------------------------
     0 | D:1      | dracfodder the Demigod Ice Elementalist began the quest for
                  | the Orb.
     0 | D:1      | Reached XP level 1. HP: 14/14 MP: 5/5
   136 | D:1      | Gained mutation: You have sharp toenails. [potion of
                  | mutation]
   136 | D:1      | Gained mutation: Your mind is acute. (Int +2) [potion of
                  | mutation]
   442 | D:1      | Reached XP level 2. HP: 18/20 MP: 0/7
   761 | D:1      | Reached skill level 4 in Ice Magic
  1112 | D:4      | Identified a scroll of acquirement
  1112 | D:4      | Acquired the +5 arbalest of the Toadstool {vorpal, rElec
                  | Str+2 Int+4 Dex+4}
  1125 | D:4      | Found a sand-covered staircase.
  1154 | Ossuary  | Entered an ossuary
  1172 | Ossuary  | Demolished by a mummy

Illustrated notes

Levels and vault maps discovered:
D:1:      lightli_molten_gateway, layout_rooms, serial_forest,
          infiniplex_forest_end_2, infiniplex_forest_clump_curved,
          infiniplex_forest_lined_room_2, infiniplex_forest_straight_1,
          infiniplex_forest_lined_3, infiniplex_forest_straight_4,
          infiniplex_forest_straight_3, infiniplex_forest_lined_2,
          infiniplex_forest_lined_corner, infiniplex_forest_straight_2
D:2:      layout_loops_ring, basic_altar, kennysheep_another_room
D:3:      layout_basic, tso_altar, hellmonk_ecumenical_altar_heavens_door,
          minmay_misc_feat_encased, st_stairs_9,
          wander_ebering_terrifying_dragon_lair
D:4:      layout_loops_ring, amcnicky_altar_gilded, grunt_dithmenos_smoke,
          enter_ossuary_3, serial_forest, infiniplex_forest_corner_1,
          infiniplex_forest_lined_3, infiniplex_forest_straight_4,
          infiniplex_forest_end_2, infiniplex_forest_straight_3,
          infiniplex_forest_clump_C
Ossuary:  ossuary_zaba_flooded

Skill      XL: |  1  2 |
---------------+-------+-----
Dodging        | 2 |  2.0
Ice Magic      | 4 |  4.1
Spellcasting   | 2 |  2.0
Stealth        | |  1.8

Action                   || total
-------------------------++-------
Melee: Dagger            ||     8
       Kick              ||    13
       Short sword       ||    19
 Cast: Freeze            ||    20
  Use: Potion            ||     4
       Scroll            ||     2
Armor: Robe              ||     4
Dodge: Dodged            ||    24

Table legend: (Time is in decaauts)
 A = Elapsed time spent in this place.
 B = Non-inter-level travel time spent in this place.
 C = Inter-level travel time spent in this place.
 D = Time resting spent in this place.
 E = Time spent auto-exploring this place.
 F = Levels seen in this place.
 G = Mean time per level.
                   A        B        C        D        E       F      G
               +--------+--------+--------+--------+--------+-----+--------+
         Total |   1160 |   1127 |     33 |    254 |    625 |   5 |  232.0 |
       Dungeon |   1142 |   1109 |     33 |    254 |    625 |   4 |  285.5 |
       Ossuary |     18 |     18 |      0 |      0 |      0 |   1 |   18.0 |
               +--------+--------+--------+--------+--------+-----+--------+

Top non-repeatable levels by time:
     D:1: 889 daAuts
     D:2: 204 daAuts
     D:4: 44 daAuts
 Ossuary: 18 daAuts
     D:3: 3 daAuts
